 Dungeon Crawl Stone Soup version 0.14-a0-2443-g5aee772 (webtiles) character file.

126 4tharraofdagon the Cudgeler (level 4, -3/49 HPs)
             Began as an Ogre Berserker on Feb 6, 2014.
             Was a Follower of Trog.
             Slain by a hound (6 damage)
             ... on Level 6 of the Dungeon.
             The game lasted 00:01:53 (482 turns).

4tharraofdagon the Cudgeler (Ogre Berserker)         Turns: 482, Time: 00:01:53

HP  -3/49        AC  2     Str 23      XL: 4   Next: 85%
MP   4/4         EV 10     Int  6      God: Trog [*.....]
Gold 19          SH  0     Dex  9      Spells:  0 memorised,  3 levels left

rFire  . . .     SeeInvis .     a - +0 mace
rCold  . . .     Clarity  .     b - -1 animal skin
rNeg   . . .     Conserve .     (shield restricted)
rPois  .         rCorr    .     (helmet restricted)
rElec  .         rRot     .     (no cloak)
SustAb . .       Spirit   .     (gloves unavailable)
rMut   .         Warding  .     (boots unavailable)
Saprov + . .     Stasis   .     (no amulet)
MR     .....                    (no ring)
                                (no ring)

@: confused, exhausted, very slightly contaminated, not resistant to hostile
enchantments, extremely unstealthy
A: unfitting armour, horns 1, talons 1, breathe flames 1, fast metabolism 1,
saprovore 1, tough skin 1
a: Burn Spellbooks, Berserk, Renounce Religion, Breathe Fire


You were on level 6 of the Dungeon.
You worshipped Trog.
Trog was aware of your devotion.
You were not hungry.

You visited 1 branch of the dungeon, and saw 6 of its levels.

You collected 19 gold pieces.

Inventory:

Hand weapons
 a - a +0,+0 mace (weapon)
Armour
 b - a -1 animal skin (worn)
Comestibles
 c - 4 meat rations
 i - an apple
 k - 2 chunks of gnoll flesh
Scrolls
 e - 2 scrolls of teleportation {unknown}
 f - a scroll of remove curse {unknown}
 g - a scroll of enchant weapon I {unknown}
Jewellery
 h - an uncursed amulet of stasis
 j - an uncursed ring of ice


   Skills:
 + Level 4.7 Fighting
 * Level 5.8 Maces & Flails
 + Level 3.6 Dodging


You had 3 spell levels left.
You didn't know any spells.

Dungeon Overview and Level Annotations

Branches:
Dungeon (6/16)
 Temple: D:4-7

Altars:

Shops:
D:5 *


Innate Abilities, Weirdness & Mutations

You are too large for most types of armour.
You have a fast metabolism.
You can tolerate rotten meat.
You have tough skin (AC +1).
You have a pair of small horns on your head.
You have sharp toenails.
You can breathe flames.


Message History

It was a potion of mutation.
The hound closely misses you. The hound bites you.
* * * LOW HITPOINT WARNING * * *
The orc wizard gestures wildly while chanting.
The orc wizard seems to speed up.
Ouch! The hound bites you.
* * * LOW HITPOINT WARNING * * *
The hound barely misses you. The hound closely misses you.
Unknown command.
You aren't carrying any potions.
Ouch!
The orc wizard mumbles some strange words.
The orc wizard blinks!
The hound bites you.
* * * LOW HITPOINT WARNING * * *
The iguana hisses menacingly.
The hound bites you.
* * * LOW HITPOINT WARNING * * *
Unknown command.
You feel yourself speed up. The hound bites you but does no damage.
The hound bites you.
You die...

. ▓▓.. ▓▓▓..
#.# .▓▓.▓▓ #.#
▓.▓l▓▓▓. #.#
▓.▓▓▓▓.. #.#
.8.....###.#
▓▓.▓▓▓▓..##.#
.▓.▓.▓▓▓@.#.#
o▓▓.▓▓.▓▓▓h#.#
▓▓▓.▓▓▓...o#.#
▓▓...▓▓...##.#
..#..▓..###.#
...###...####.#
#....>.....<..#
##.############


You could see an iguana, a hound and an orc wizard.

Vanquished Creatures
  A jelly (D:6)
  A worker ant (D:4)
  An adder (D:5)
  3 gnolls (D:5)
  A worm (D:6)
  An ooze (D:3)
  An orc (D:4)
  A kobold (D:3)
  A giant newt (D:3)
  A goblin skeleton (D:4)
  A rat (D:2)
13 creatures vanquished.

Notes
Turn   | Place    | Note
--------------------------------------------------------------
     0 | D:1      | 4tharraofdagon, the Ogre Berserker, began the quest for the Orb.
     0 | D:1      | Reached XP level 1. HP: 24/24 MP: 1/1
   304 | D:4      | Noticed a worker ant
   309 | D:4      | Killed a worker ant
   309 | D:4      | Reached skill level 5 in Maces & Flails
   309 | D:4      | Reached XP level 2. HP: 33/33 MP: 2/2
   309 | D:4      | Reached XP level 3. HP: 40/40 MP: 3/3
   365 | D:5      | Entered Level 5 of the Dungeon
   388 | D:5      | Found Pnuhedwidic's Assorted Antiques.
   404 | D:5      | Reached XP level 4. HP: 43/49 MP: 4/4
   479 | D:6      | Gained mutation: You can breathe flames. [potion of mutation]
   479 | D:6      | Gained mutation: You have a pair of small horns on your head. [potion of mutation]
   479 | D:6      | Gained mutation: You have sharp toenails. [potion of mutation]
   482 | D:6      | Slain by a hound

Action                   |  1- 3 |  4- 6 || total
-------------------------+-------+-------++-------
Melee: Mace              |    33 |    10 ||    43
Invok: Berserk           |     2 |     1 ||     3
  Use: Potion            |       |     2 ||     2
